 Dungeon Crawl Stone Soup version 0.30.0-18-gc0e69614cb (webtiles) character file.

Game seed: 15161375691874492766

119499 anacleto the Wrestler (level 16, -12/165 HPs)
             Began as a Troll Berserker on May 23, 2023.
             Was a High Priest of Trog.
             Killed by the air
             ... invoked by a wind drake
              (14 damage)
             ... on level 1 of the Shoals on May 24, 2023.
             The game lasted 01:47:17 (27125 turns).

anacleto the Wrestler (Troll Berserker)            Turns: 27125, Time: 01:47:18

Health: -12/165    AC: 10    Str: 34    XL:     16   Next: 27%
Magic:  15/15      EV: 14    Int:  7    God:    Trog [*****.]
Gold:   1022       SH:  4    Dex:  8    Spells: 15/15 levels left

rFire   . .          .
                       - Unarmed
rCold   + . .        (no shield)
rNeg    . . .        F - +0 acid dragon scales
rPois   .            b - +2 hat
rElec   .            (no cloak)
rCorr   +            (gloves unavailable)
SInv    .            (boots unavailable)
Will    +....        (no amulet)
Stlth   +            n - ring of flight
HPRegen 1.27/turn    r - +5 ring of evasion
MPRegen 0.14/turn

%: random rage (3%)
@: marked, on berserk cooldown, flying, slowed, very slow
A: large, unfitting armour, claws 3, regeneration 1, shaggy fur 1, tough skin 1,
large bone plates 1, berserk 1, clever 1, cold resistance 1, inability to read
after injury 1
a: Renounce Religion, Berserk, Trog's Hand, Brothers in Arms


You were on level 1 of the Shoals.
You worshipped Trog.
Trog was extremely pleased with you.
You visited 5 branches of the dungeon, and saw 24 of its levels.
You also visited: Ice Cave.

You collected 3112 gold pieces.
You spent 2090 gold pieces at shops.

Inventory:

Hand Weapons
 i - a +3 triple sword of flaming
Missiles
 k - 40 poisoned darts
 o - a silver boomerang
 B - a boomerang (quivered)
 H - 3 throwing nets
 N - 19 large rocks
Armour
 b - a +2 hat (worn)
 F - +0 acid dragon scales (worn)
Jewellery
 n - a ring of flight (left claw)
 r - a +5 ring of evasion (right claw)
 I - a +5 ring of evasion
 J - a ring of resist corrosion
 M - a ring of protection from cold
 O - a ring of protection from cold
 P - a +6 ring of intelligence
 R - a ring of protection from fire
 T - the ring of Shadows {Umbra +Inv Stlth+}
   (You took it off an orc knight on level 14 of the Dungeon)

   [ring of stealth]

   Umbra:     It surrounds you with an aura of shadow, increasing your stealth
   and reducing the accuracy of all others within it.
   +Inv:      It lets you turn invisible.
   Stlth:     It makes you more stealthy.
Wands
 a - a wand of light (9)
 A - a wand of flame (79)
 K - a wand of paralysis (5)
 S - a wand of roots (4)
Scrolls
 d - 5 scrolls of immolation
 e - a scroll of summoning
 g - 8 scrolls of teleportation
 h - 5 scrolls of enchant armour
 l - 2 scrolls of fear
 p - 4 scrolls of fog
 s - a scroll of blinking
 x - 6 scrolls of poison
 C - 2 scrolls of brand weapon
 E - 4 scrolls of vulnerability
 G - a scroll of enchant weapon
 L - 8 scrolls of identify
 Q - 2 scrolls of magic mapping
Potions
 c - 3 potions of attraction
 f - 7 potions of heal wounds
 j - 4 potions of cancellation
 m - 5 potions of might
 q - 6 potions of ambrosia
 t - 7 potions of haste
 u - 13 potions of curing
 v - a potion of resistance
 w - 8 potions of invisibility
 z - 2 potions of flight
 D - a potion of lignification
Miscellaneous
 y - a phial of floods


   Skills:
 + Level 11.7 Fighting
 + Level 16.7 Throwing
 - Level 2.4 Dodging
 * Level 23.0 Unarmed Combat
 - Level 1.5 Evocations


You had 15 spell levels left.
You didn't know any spells.
Your spell library was empty.

Dungeon Overview and Level Annotations

Branches:
Dungeon (15/15)            Temple (0/1) D:7            Lair (5/5) D:8
 Shoals (1/4) Lair:2       Spider (0/4) Lair:3        Slime (0/5) Lair:5
    Orc (2/2) D:11            Elf (0/3) Orc:2        Vaults (0/5) D:14
 Depths (1/4) D:15          IceCv (visited)

Altars:
Cheibriados
Dithmenos
Elyvilon
Gozag
Hepliaklqana
Okawaru
Qazlal
Ru
Sif Muna
Uskayaw
Wu Jian
Yredelemnul
The Shining One
Jiyva

Shops:
D:12 ?   Orc:1 ::(?   Orc:2 :==(

Annotations:
D:15 exclusion: obsidian statue


Innate Abilities, Weirdness & Mutations

You are too large for most types of armour.
You have claws for hands.
Your natural rate of healing is unusually fast.
You are covered in fur. (AC +1)
You have tough skin. (AC +1)
You are partially covered in large bone plates. (SH +4)
You sometimes lose your temper in combat.
Your mind is acute. (Int +4, Str/Dex -1)
Your flesh is cold resistant. (rC+)
You occasionally lose the ability to read scrolls when taking damage.


Message History

* * * LOW HITPOINT WARNING * * *
The harpy barely misses you. The harpy claws you!
* * * LOW HITPOINT WARNING * * *
You block the harpy's attack. The harpy claws you.
* * * LOW HITPOINT WARNING * * *
The harpy claws you.
* * * LOW HITPOINT WARNING * * *
The harpy attacks as you move away! The harpy closely misses you.
The harpy claws you.
* * * LOW HITPOINT WARNING * * *
The harpy closely misses you. The harpy claws you!
* * * LOW HITPOINT WARNING * * *
You block the wind drake's attack. The harpy attacks as you move away!
The harpy claws you!
* * * LOW HITPOINT WARNING * * *
You block the harpy's attack.
You feel a strong urge to attack something.
The harpy claws you.
* * * LOW HITPOINT WARNING * * *
The harpy claws you but does no damage. The harpy closely misses you.
The harpy claws you but does no damage.
The wind drake bites the plant!
The harpy attacks as you move away! The harpy claws you but does no damage.
The harpy claws you.
* * * LOW HITPOINT WARNING * * *
The harpy claws the plant.
The harpy claws the plant!
The harpy claws you!
* * * LOW HITPOINT WARNING * * *
The harpy claws you.
* * * LOW HITPOINT WARNING * * *
The harpy claws you but does no damage. You block the harpy's attack.
The harpy barely misses you. The harpy claws you but does no damage.
The harpy misses you. The harpy claws you!
* * * LOW HITPOINT WARNING * * *
The harpy attacks as you move away! The harpy misses you.
The harpy claws you but does no damage.
You feel your anger nearly subside.
You are no longer berserk.
You are exhausted.
You feel yourself slow down. The wind drake flaps its wings at you.
The air twists around and strikes you!
You die...

~~~~
##P~~..###..~~~~..#.....
~~~~ ..PPP~....~~~~~~.##
###. ~~~~
.PPP~P~...~~~~~..####
~~~~
#..~~~......~~~.†...##
~P..
#.~~..~~≈~~.~~~>....###
~~~P
~~..~≈≈≈≈H...~~~~~....~~
~~~~
P~~~~≈≈≈HH...†~~~~......
~~~
~~≈≈≈≈~~H$m~~~≈~~~.##.~~
~≈~≈≈≈P@PHPk~~~~~~..# ~~
~~~~~≈~.##.~..~~~~.~~~ ~
.~≈~~~~..#.≈$.~≈~~>~~.~
~≈≈≈≈≈~~..~≈~~≈≈~~~~~..
≈≈≈≈≈≈P~P~≈≈~t~~~~~~~ ##
~P~~≈≈~~~~~≈≈~~~~~~~ ≈≈
~~~~~~~~~.~~≈~~~~~~~ ≈#
~~~~~~~~~~~~~~~~~ ##


You could see a wind drake (repels missiles), a merfolk and 5 harpies.

Vanquished Creatures
  Rupert (D:13)
  Jorgrun (D:15)
  Gastronok (Lair:1)
  A frost giant (IceCv)
  An orc warlord (Orc:2)
  The ghost of Secest the Severer, a journeyman DrFi of the Shining One (D:14)
  Louise (D:15)
  A spark wasp (shapeshifter) (D:12)
  Nessos (D:15)
  Josephine (Lair:3)
  A fire dragon (D:14)
  8 hydras
  Harold (Lair:2)
  2 catoblepae
  2 ice dragons (D:15)
  4 centaur warriors
  5 boulder beetles
  3 tengu warriors
  9 two-headed ogres
  7 death yaks (IceCv)
  8 orc high priests (Orc:2)
  Nergalle (D:10)
  6 skysharks
  A sea snake (Shoals:1)
  Lodul (D:10)
  5 harpies (Shoals:1)
  Pikel (D:7)
  A lindwurm (Lair:5)
  A mana viper (shapeshifter) (D:14)
  5 orc knights (D:14)
  7 ugly things
  2 deep elf pyromancers
  2 orc sorcerers (Orc:2)
  7 manticores
  5 cyclopes
  15 elephants
  3 merfolk sirens
  An ice statue (IceCv)
  A torpor snail (Lair:5)
  2 black mambas
  A gargoyle (D:14)
  2 unseen horrors (D:12)
  11 cane toads
  3 kobold demonologists
  Maggie (D:10)
  An efreet (D:14)
  11 komodo dragons
  2 tengu conjurers
  8 rime drakes
  8 trolls
  4 merfolk
  10 polar bears
  3 hornets (Lair:5)
  A dream sheep (Lair:5)
  17 blink frogs
  A snapping turtle (shapeshifter) (D:15)
  2 snapping turtles (Shoals:1)
  A jumping spider (Lair:3)
  3 slime creatures (D:12)
  6 culicivoras (Lair:3)
  7 wraiths
  2 vampires (D:9)
  4 shadows
  9 spriggans (Lair:5)
  4 wyverns
  A water elemental (Shoals:1)
  Eustachio (D:5)
  Grum (D:8)
  5 steam dragons
  43 yaks
  2 basilisks
  6 vampire mosquitoes
  2 redbacks (Lair:3)
  9 wargs (Orc:2)
  16 water moccasins
  4 acid dragons
  21 orc warriors
  6 black bears
  3 sky beasts
  13 ogres
  39 wolves
  3 boggarts (Lair:5)
  8 centaurs
  4 phantoms
  7 kobold brigands
  14 bullfrogs
  2 gnoll sergeants
  6 scorpions
  14 wights
  10 killer bees
  7 howler monkeys
  2 electric eels
  A lava snake (D:12)
  4 gnoll boudas
  2 hounds
  36 orc priests
  3 jellies
  2 sleepcaps
  5 iguanas
  19 orc wizards
  17 gnolls
  7 adders
  A white imp (D:15)
  2 worms (D:2)
  2 dart slugs
  116 orcs
  7 ball pythons
  8 endoplasms
  4 giant cockroaches
  5 hobgoblins
  2 jackals (D:1)
  21 kobolds
  3 quokkas
  2 bats (D:1)
  6 frilled lizards
  8 goblins
  6 rats
787 creatures vanquished.

Vanquished Creatures (collateral kills)
  The ghost of avangion the Destroyer, a novice DECj of Vehumet (D:8)
  2 harpies (Shoals:1)
  2 hornets
  A polar bear (Lair:5)
  5 spriggans (Lair:5)
  A water moccasin (Lair:5)
  A black bear (Lair:5)
  A centaur (D:9)
  A wolf (IceCv)
  4 lemures (D:7)
  4 killer bees (D:8)
  A howler monkey (D:9)
  A gnoll bouda (D:9)
  2 orc wizards (D:10)
  3 gnolls (D:9)
30 creatures vanquished.

Vanquished Creatures (others)
  An orange demon (D:15)
  2 white imps (D:15)
3 creatures vanquished.

Grand Total: 820 creatures vanquished

Notes
Turn   | Place    | Note
-------+----------+-------------------------------------------
     0 | D:1      | anacleto the Troll Berserker began the quest for the Orb.
     0 | D:1      | Reached XP level 1. HP: 22/22 MP: 0/0
    47 | D:1      | Reached XP level 2. HP: 25/29 MP: 1/1
   283 | D:1      | Reached XP level 3. HP: 36/36 MP: 2/2
   284 | D:1      | Reached ** piety under Trog
   377 | D:1      | Reached skill level 4 in Unarmed Combat
   977 | D:2      | Identified the +1 ring mail of Nehimoes {rN+ Regen+ Str-3
                  | Dex+4}
  1384 | D:2      | Reached XP level 4. HP: 45/45 MP: 3/3
  1460 | D:3      | Found a hide-covered altar of Uskayaw.
  1602 | D:3      | Reached skill level 5 in Unarmed Combat
  1604 | D:3      | Found an iron altar of Okawaru.
  1605 | D:3      | Found a stormy altar of Qazlal.
  1624 | D:3      | Noticed a phantom
  1634 | D:3      | Killed a phantom
  1634 | D:3      | Reached *** piety under Trog
  1635 | D:3      | Reached XP level 5. HP: 53/53 MP: 4/4
  1909 | D:3      | Noticed a water moccasin
  1915 | D:3      | Killed a water moccasin
  1916 | D:3      | Reached skill level 6 in Unarmed Combat
  1916 | D:3      | Reached XP level 6. HP: 33/62 MP: 5/5
  2711 | D:5      | Entered Level 5 of the Dungeon
  2725 | D:5      | Reached XP level 7. HP: 67/70 MP: 6/6
  2728 | D:5      | Reached skill level 7 in Unarmed Combat
  2871 | D:5      | Found an opulent altar of Gozag.
  3009 | D:5      | Reached skill level 8 in Unarmed Combat
  3019 | D:5      | Reached skill level 5 in Fighting
  3052 | D:5      | Noticed a troll
  3060 | D:5      | Killed a troll
  3061 | D:5      | Reached XP level 8. HP: 31/80 MP: 7/7
  3163 | D:5      | Noticed Eustachio
  3187 | D:5      | Killed Eustachio
  3188 | D:5      | Reached skill level 9 in Unarmed Combat
  3473 | D:5      | Identified 2 scrolls of acquirement
  3474 | D:5      | Acquired the +0 hat of the Stone Wall {Harm}
  3485 | D:5      | Acquired a manual of Throwing
  3520 | D:6      | Found a glowing golden altar of the Shining One.
  3786 | D:6      | Reached skill level 5 in Throwing
  3906 | D:6      | Noticed a troll
  3910 | D:6      | Killed a troll
  3911 | D:6      | Reached XP level 9. HP: 86/86 MP: 8/8
  4440 | D:6      | Reached **** piety under Trog
  5111 | D:6      | Reached skill level 10 in Throwing
  5325 | D:7      | Noticed a deep elf pyromancer
  5347 | D:7      | Killed a deep elf pyromancer
  5500 | D:6      | Reached XP level 10. HP: 89/98 MP: 9/9
  5719 | D:7      | Noticed Pikel
  5740 | D:7      | Killed Pikel
  5759 | D:7      | Found an ornate altar of the Wu Jian Council.
  5837 | D:7      | Found a staircase to the Ecumenical Temple.
  6004 | D:7      | Found a white marble altar of Elyvilon.
  6483 | D:8      | Found a transporter.
  6484 | D:8      | Found a transporter.
  6484 | D:8      | Noticed avangion's ghost (novice DECj)
  6641 | D:8      | Noticed a two-headed ogre
  6645 | D:8      | Killed a two-headed ogre
  6646 | D:8      | Reached skill level 10 in Unarmed Combat
  6794 | D:8      | Found a staircase to the Lair.
  6861 | D:8      | Noticed a two-headed ogre
  6874 | D:8      | Killed a two-headed ogre
  7040 | D:8      | Noticed Grum
  7228 | D:8      | Killed Grum
  7229 | D:8      | Reached XP level 11. HP: 86/107 MP: 10/10
  7445 | D:8      | Found a shimmering blue altar of Sif Muna.
  7735 | D:9      | Reached skill level 11 in Unarmed Combat
  7739 | D:9      | Noticed a two-headed ogre
  7747 | D:9      | Killed a two-headed ogre
  8188 | D:9      | Noticed a boulder beetle
  8248 | D:9      | Identified the +3 leather armour of Painted Beauty {rElec
                  | rPois SInv Stlth-}
  8281 | D:9      | Killed a boulder beetle
  8329 | D:9      | Identified the +5 ring mail of Bikhleviu {rElec rN+ Int+3
                  | Dex-4}
  8609 | D:9      | Found a sacrificial altar of Ru.
  8648 | D:9      | Reached skill level 12 in Unarmed Combat
  9134 | D:9      | Noticed a sun demon
  9476 | D:9      | Found a basalt altar of Yredelemnul.
  9527 | D:9      | Found a hazy altar of Hepliaklqana.
  9568 | D:10     | Entered Level 10 of the Dungeon
  9883 | D:10     | Noticed a two-headed ogre
  9887 | D:10     | Killed a two-headed ogre
 10022 | D:10     | Noticed Maggie
 10031 | D:10     | Killed Maggie
 10111 | D:10     | Found a shadowy altar of Dithmenos.
 10157 | D:10     | Noticed Nergalle
 10168 | D:10     | Killed Nergalle
 10217 | D:10     | Noticed Lodul
 10267 | D:10     | Reached XP level 12. HP: 115/115 MP: 11/11
 10280 | D:10     | Killed Lodul
 10284 | D:10     | Reached skill level 13 in Unarmed Combat
 10322 | D:10     | Noticed a two-headed ogre
 10326 | D:10     | Killed a two-headed ogre
 10522 | D:11     | Noticed a centaur warrior
 10535 | D:11     | Killed a centaur warrior
 10565 | D:11     | Noticed a boulder beetle
 10575 | D:11     | Killed a boulder beetle
 10608 | D:11     | Noticed a boulder beetle
 10619 | D:11     | Killed a boulder beetle
 10954 | D:11     | Found a staircase to the Orcish Mines.
 11414 | D:11     | Noticed a two-headed ogre
 11421 | D:11     | Killed a two-headed ogre
 11422 | D:11     | Reached skill level 14 in Unarmed Combat
 11633 | D:11     | Upgraded the game from 0.30.0-17-ge0270778cf to
                  | 0.30.0-18-gc0e69614cb
 12037 | D:12     | Found Itong's Magic Scroll Shoppe.
 12041 | D:12     | Bought a scroll of magic mapping for 90 gold pieces
 12041 | D:12     | Bought a scroll of identify for 24 gold pieces
 12041 | D:12     | Bought a scroll of immolation for 48 gold pieces
 12041 | D:12     | Bought a scroll of acquirement for 624 gold pieces
 12041 | D:12     | Bought a scroll of immolation for 48 gold pieces
 12041 | D:12     | Bought a scroll of fog for 48 gold pieces
 12041 | D:12     | Bought a scroll of vulnerability for 48 gold pieces
 12041 | D:12     | Bought a scroll of poison for 48 gold pieces
 12046 | D:12     | Acquired a manual of Unarmed Combat
 12080 | D:12     | Noticed a radroach
 12084 | D:12     | a radroach changed into an ice dragon
 12084 | D:12     | Noticed an ice dragon (glowing shapeshifter)
 12169 | D:12     | a goliath frog changed into a radroach
 12169 | D:12     | Noticed a radroach (glowing shapeshifter)
 12170 | D:12     | a radroach changed into a spark wasp
 12170 | D:12     | Noticed a spark wasp (glowing shapeshifter)
 12173 | D:12     | Reached skill level 15 in Unarmed Combat
 12179 | D:12     | Noticed an ice dragon
 12183 | D:12     | an ice dragon changed into a spark wasp
 12183 | D:12     | Noticed a spark wasp (glowing shapeshifter)
 12191 | D:12     | Killed a spark wasp
 12560 | D:13     | Found the -2 hat of the Alchemist {rElec rPois rF+ rC+ rN+
                  | Will+ rMut rCorr}
 12562 | D:13     | Noticed a centaur warrior
 12645 | D:12     | Killed a centaur warrior
 12818 | D:13     | Reached skill level 16 in Unarmed Combat
 12866 | D:12     | Reached XP level 13. HP: 118/128 MP: 12/12
 13054 | D:13     | Noticed Rupert
 13062 | D:13     | Killed Rupert
 13272 | D:13     | Reached skill level 17 in Unarmed Combat
 13530 | D:14     | Noticed a fire dragon
 13536 | D:14     | Killed a fire dragon
 13687 | Orc:1    | Entered Level 1 of the Orcish Mines
 13687 | Orc:1    | Found Mokkalia's Magic Scroll Shoppe.
 13704 | Orc:1    | Bought a scroll of blinking for 120 gold pieces
 13704 | Orc:1    | Bought a scroll of identify for 32 gold pieces
 13704 | Orc:1    | Bought 2 scrolls of teleportation for 96 gold pieces
 13719 | D:11     | Gained mutation: Your body sometimes deteriorates upon
                  | taking damage. [potion of mutation]
 13719 | D:11     | Gained mutation: You have a pair of small horns on your
                  | head. [potion of mutation]
 13720 | D:11     | Lost mutation: Your body sometimes deteriorates upon taking
                  | damage. [potion of mutation]
 13720 | D:11     | Lost mutation: You have a pair of small horns on your head.
                  | [potion of mutation]
 13720 | D:11     | Gained mutation: You sometimes lose your temper in combat.
                  | [potion of mutation]
 13720 | D:11     | Gained mutation: You expend magic power (3 MP) to
                  | strengthen your wands. [potion of mutation]
 13720 | D:11     | Gained mutation: Your mind is acute. (Int +4, Str/Dex -1)
                  | [potion of mutation]
 13720 | D:11     | Gained mutation: You are agile. (Dex +4, Str/Int -1)
                  | [potion of mutation]
 13721 | D:11     | Lost mutation: Your mind is acute. (Int +4, Str/Dex -1)
                  | [potion of mutation]
 13721 | D:11     | Lost mutation: You are agile. (Dex +4, Str/Int -1) [potion
                  | of mutation]
 13721 | D:11     | Lost mutation: You expend magic power (3 MP) to strengthen
                  | your wands. [potion of mutation]
 13721 | D:11     | Gained mutation: Your flesh is cold resistant. (rC+)
                  | [potion of mutation]
 13721 | D:11     | Gained mutation: You have hidden genetic potential. [potion
                  | of mutation]
 13721 | D:11     | Gained mutation: You occasionally lose the ability to read
                  | scrolls when taking damage. [potion of mutation]
 13732 | Orc:1    | Found Ynai's Weapon Boutique.
 13782 | Orc:1    | Found Deav's Book Emporium.
 13962 | Orc:2    | Entered Level 2 of the Orcish Mines
 14274 | Orc:1    | Reached skill level 18 in Unarmed Combat
 14451 | Orc:2    | Noticed an orc warlord
 14476 | Orc:2    | Killed an orc warlord
 14679 | Orc:2    | Reached skill level 19 in Unarmed Combat
 14739 | Orc:2    | Reached ***** piety under Trog
 15142 | Orc:2    | Found Cemisaz's Weapon Shoppe.
 15142 | Orc:2    | Found Ahemoc's Jewellery Shop.
 15420 | Orc:2    | Found a staircase to the Elven Halls.
 15562 | Orc:2    | Found Veyle's Jewellery Shoppe.
 15562 | Orc:2    | Found Ruciyl's Book Shop.
 15822 | Orc:1    | Reached skill level 1 in Evocations
 15940 | Orc:1    | Received a gift from Trog
 16006 | Orc:1    | Found Futh's Book Shoppe.
 16579 | D:8      | Killed avangion's ghost
 16580 | D:8      | Reached skill level 20 in Unarmed Combat
 16818 | D:14     | Found a runed translucent gate.
 16818 | D:14     | Found a runed translucent gate.
 16819 | D:14     | Found a runed translucent gate.
 16821 | D:14     | Identified the +1 plate armour of Tothriyn {-Tele Dex+6}
 16822 | D:14     | Noticed Secest's ghost (journeyman DrFi)
 16889 | D:14     | Found a gate to the Vaults.
 17126 | Orc:2    | Bought a +5 ring of evasion for 648 gold pieces
 17556 | Lair:1   | Entered Level 1 of the Lair of Beasts
 17557 | Lair:1   | Identified the +5 ring mail "Beluseg" {rCorr Dex+3}
 17809 | Lair:1   | Reached XP level 14. HP: 117/140 MP: 13/13
 17962 | Lair:1   | Noticed Gastronok
 17967 | Lair:1   | Killed Gastronok
 18715 | Lair:2   | Noticed Harold
 18733 | Lair:2   | Killed Harold
 18739 | Lair:2   | Gained mutation: Your mind is acute. (Int +4, Str/Dex -1)
                  | [hidden potential]
 18792 | Lair:2   | Reached skill level 15 in Throwing
 18923 | Lair:2   | Found a staircase to the Shoals.
 19853 | Lair:3   | Found a hole to the Spider Nest.
 19949 | Lair:3   | Noticed Josephine
 19957 | Lair:3   | Killed Josephine
 20128 | Lair:3   | You are sucked into a shaft and drop 1 floor!
 20145 | Lair:4   | Found a frozen archway.
 20156 | IceCv    | Entered an ice cave
 20295 | IceCv    | Reached skill level 21 in Unarmed Combat
 20386 | IceCv    | Reached skill level 10 in Fighting
 20752 | IceCv    | Received a gift from Trog
 20782 | IceCv    | Noticed a frost giant
 20816 | IceCv    | Killed a frost giant
 21782 | Orc:2    | Bought 6 boomerangs for 216 gold pieces
 22013 | Lair:4   | Reached XP level 15. HP: 149/149 MP: 14/14
 22922 | Lair:5   | Entered Level 5 of the Lair of Beasts
 22976 | Lair:5   | Gained mutation: You are partially covered in large bone
                  | plates. (SH +4) [hidden potential]
 22976 | Lair:5   | Lost mutation: You have hidden genetic potential. [hidden
                  | potential expressed]
 23486 | Lair:5   | Found a viscous altar of Jiyva.
 23486 | Lair:5   | Found a staircase to the Slime Pits.
 23517 | Lair:5   | Reached skill level 22 in Unarmed Combat
 23876 | Lair:5   | Identified the +7 quarterstaff "Deis" {heavy, Int+6 Dex-2}
 24724 | D:14     | Found a glowing golden altar of the Shining One.
 25139 | D:14     | Identified the +2 chain mail "Agotheu" {rN+ Will- Int+4}
 25234 | D:14     | Received a gift from Trog
 25257 | D:14     | Killed Secest's ghost
 25356 | D:15     | Entered Level 15 of the Dungeon
 25544 | D:15     | Noticed Nessos
 25550 | D:15     | Killed Nessos
 25803 | D:15     | Noticed Jorgrun
 25810 | D:15     | Killed Jorgrun
 25848 | D:15     | Noticed Louise
 25859 | D:15     | Reached XP level 16. HP: 147/163 MP: 15/15
 25868 | D:15     | Killed Louise
 26097 | D:15     | Found a staircase to the Depths.
 26510 | Depths:1 | Entered Level 1 of the Depths
 26551 | Depths:1 | Found a snail-covered altar of Cheibriados.
 26775 | Shoals:1 | Entered Level 1 of the Shoals
 26829 | Shoals:1 | Found a shadowy altar of Dithmenos.
 27116 | Shoals:1 | Reached skill level 23 in Unarmed Combat
 27124 | Shoals:1 | HP: 12/247 [harpy (7)]
 27124 | Shoals:1 | HP: 2/247 [harpy (8)]
 27125 | Shoals:1 | Killed from afar by a wind drake

Illustrated notes

Levels and vault maps discovered:
D:1:      dpeg_arrival_erosion, layout_rooms, serial_curves, eino_curves_04,
          eino_curves_04, kennysheep_nondescript
D:2:      layout_basic
D:3:      layout_loops_ring, nicolae_uskayaw_murder_on_the_dancefloor,
          grunt_temple_overflow_open
D:4:      layout_rooms
D:5:      layout_gridville, mainiacjoe_overflow_brackets, minmay_small_thing,
          uniq_eustachio
D:6:      layout_basic, lemuel_tele_altar, minmay_crystal_water,
          kennysheep_big_empty_room, st_stairs_12
D:7:      layout_gridville, nzn_wu_jian_council_hall,
          nicolae_overflow_crystal_walls, minmay_temple_entry_enclosed_plants,
          serial_bayou, serial_bayou_shore_b, serial_bayou_pond_b,
          serial_bayou_crossing, serial_bayou_pond_e, serial_bayou_pond_b,
          chequers_serial_rivers_micro_c, uniq_pikel
D:8:      layout_loops_corners, general_overflow_altar,
          due_lair_maze_entry_diamond, gammafunk_ghost_hive,
          minmay_misc_feat_chi, nrook_campfire, uniq_grum
D:9:      minmay_imperfect_grid, layout_basic, mainiacjoe_overflow_boulevard,
          kennysheep_mini_moat, hangedman_ru_absence
D:10:     layout_roguey, nicolae_dithmenos_the_darkroom, uniq_lodul,
          uniq_maggie, uniq_nergalle
D:11:     layout_loops_ring, hiddenorc1_lemuel, kennysheep_cross_room,
          wad_floor_pattern_untrapped
D:12:     layout_roguey, serial_shops, shop, kennysheep_island_fort
D:13:     layout_rooms, chequers_garden, skrybe_limestone_x, uniq_rupert
D:14:     layout_long_grid, david_vaults_4, minmay_curled_crystal,
          biasface_ghost_orc_armoury, tso_oasis_becter
D:15:     grunt_enter_depths_hoard, layout_cave_pools,
          minmay_misc_feat_nine_boxes, hangedman_devilish_allure, uniq_nessos,
          uniq_louise, uniq_jorgrun
Lair:1:   layout_chaotic_city, uniq_gastronok
Lair:2:   layout_regular_city, elwin_shoals_entry_stream, hibernation_bobbens,
          uniq_harold
Lair:3:   layout_cellular_growth, nicolae_spider_entry_tight_spaces,
          chequers_serial_rivers_small_b, chequers_serial_rivers_marsh,
          st_stairs_8, uniq_josephine
Lair:4:   layout_cave_pods, portal_ice_cave_entry_pillars_2, st_stairs_8,
          dreamdust_gnoll_shepherd
Lair:5:   minmay_lair_end_enchanted_forest, layout_hall_layers,
          dpeg_slime_entry_enclosed, lemuel_fruit_tree
Shoals:1: layout_shoals, lemuel_centaur_altar
Orc:1:    layout_caves, serial_shops, nicolae_shop_waterfront, shop, shop,
          nicolae_diamond_shop, basic_altar
Orc:2:    st_orc_town, layout_diamond_mine
Depths:1: layout_big_octagon, nicolae_hell_entry_big_baal_hell,
          hangedman_abyss_entry_splay, hangedman_decor_riveting,
          cheibriados_altar_2

Skill      XL: |  1  2  3  4  5  6  7  8  9 10 11 12 13 14 15 16 |
---------------+-------------------------------------------------+-----
Unarmed Combat | 4 5 6 8 9 10 12 16 20 21 22 23 | 23.0
Fighting       | 3 4 5 6 7 8 9 10 11 | 11.7
Throwing       | 6 12 13 14 15 16 | 16.7
Evocations     | 1 |  1.5
Dodging        | |  2.4

Action                     |  1- 3 |  4- 6 |  7- 9 | 10-12 | 13-15 | 16-18 || total
---------------------------+-------+-------+-------+-------+-------+-------++-------
  Melee: Unarmed           |   111 |   132 |   180 |   502 |   668 |    32 ||  1625
         Punch             |     2 |     2 |     2 |    32 |    68 |     5 ||   111
  Throw: Dart              |       |       |    30 |    46 |    22 |       ||    98
         Boomerang         |       |       |       |   115 |   479 |    57 ||   651
         Large rock        |       |       |       |     3 |    46 |    22 ||    71
         Throwing net      |       |       |       |     1 |       |       ||     1
 Invoke: Berserk           |       |     2 |    12 |    27 |    21 |     1 ||    63
         Brothers in Arms  |       |       |       |     3 |     6 |     1 ||    10
         Trog's Hand       |       |       |       |       |     1 |       ||     1
  Evoke: Wand              |       |       |       |     5 |     3 |       ||     8
    Use: Scroll            |       |       |     8 |     6 |    23 |       ||    37
         Potion            |       |       |       |     1 |     6 |       ||     7
   Stab: Sleeping          |       |       |       |     1 |       |       ||     1
         Distracted        |       |       |       |       |     1 |       ||     1
         Paralysed         |       |       |       |       |     1 |       ||     1
 Armour: Animal skin       |    67 |    24 |    35 |       |       |       ||   126
         Steam dragon scal |       |       |     9 |   112 |       |       ||   121
         Acid dragon scale |       |       |       |    82 |   208 |    37 ||   327
         Skin              |       |       |       |     1 |       |       ||     1
  Dodge: Dodged            |    73 |    81 |    90 |   243 |   454 |    78 ||  1019
  Block: Other             |       |       |       |       |    38 |    20 ||    58
